 Dungeon Crawl Stone Soup version 0.31-a0-640-g39d97e502b (webtiles) character file.

Game seed: 17361799176107471350

24 thirtiethelement the Grave Robber (level 2, 0/19 HPs)
             Began as a Demonspawn Necromancer on Aug 27, 2023.
             Slain by a hobgoblin (1 damage)
             ... on level 1 of the Dungeon.
             The game lasted 00:02:42 (464 turns).

thirtiethelement the Grave Robber (DsNe)             Turns: 464, Time: 00:02:42

Health: 0/19       AC:  2    Str:  8    XL:     2   Next: 79%
Magic:  5/5        EV: 12    Int: 16    God:
Gold:   60         SH:  0    Dex: 13    Spells: 4/5 levels left

rFire   . . .        f - +0 short sword
rCold   . . .        (no shield)
rNeg    . . .        a - +0 robe
rPois   .            (no helmet)
rElec   .            (no cloak)
rCorr   .            (no gloves)
SInv    .            (no boots)
Will    .....        c - amulet of the acrobat
Stlth   ++           (no ring)
HPRegen 0.23/turn    (no ring)
MPRegen 0.18/turn

%: acrobat
@: no status effects
A: magic regeneration
a: no special abilities


You were on level 1 of the Dungeon.
You visited 1 branch of the dungeon, and saw 1 of its levels.

You collected 60 gold pieces.

Inventory:

Hand Weapons
 f - a +0 short sword (weapon)
Armour
 a - a +0 robe (worn)
Jewellery
 c - an amulet of the acrobat (around neck)
Scrolls
 d - 2 scrolls of fear {unknown}
 e - a scroll of identify {unknown}
 g - a scroll of amnesia {unknown}


   Skills:
 + Level 0.1 Fighting
 + Level 2.1 Dodging
 + Level 2.1 Stealth
 + Level 2.0 Spellcasting
 + Level 5.0 Necromancy


You had 4 spell levels left.
You knew the following spells:

 Your Spells              Type           Power      Damage    Failure   Level
a - Necrotise             Necr           68%        1d7       2%          1

Your spell library contained the following spells:

 Spells                   Type           Power      Damage    Failure   Level
 Vampiric Draining        Necr           17%        2d7       8%          3
 Animate Dead             Necr           17%        N/A       26%         4
 Agony                    Necr           17%        N/A       58%         5


Dungeon Overview and Level Annotations

Branches:
Dungeon (1/15)

Altars:


Innate Abilities, Weirdness & Mutations

You regenerate magic rapidly.


Message History

Press: ? - help, Shift-Dir - straight line, f - giant cockroach
Aim: a giant cockroach (severely wounded, ally target, chance to affect: 87%)
The giant cockroach writhes in agony.
You kill the giant cockroach!
Your bat skeleton hits the dart slug. x2
The dart slug launches a dart at you. The slug dart hits you.
* * * LOW HITPOINT WARNING * * *
Your rat skeleton bites the rat.
The rat dies!
The dart slug bites your bat skeleton.
Your bat skeleton is destroyed!
Your Necromancy skill increases to level 5!
As you close the door, pushing everything out of the way, it creaks loudly!
A hobgoblin opens the door.
You close the door.
A hobgoblin opens the door.
You close the door.
A hobgoblin breaks down the door.
The dart slug closely misses you.
The hobgoblin hits you but does no damage.
There is a broken door here.
You hit the dart slug.
You kill the dart slug!
The dart slug bites you.
* * * LOW HITPOINT WARNING * * *
The hobgoblin misses you.
Casting: Necrotise (safe; 2% risk of failure)
Confirm with . or Enter, or press ? or * to list all spells.
Aiming: Necrotise (safe; 2% risk of failure)
Press: ? - help, Shift-Dir - straight line, f - hobgoblin
Aim: a hobgoblin (chance to affect: 87%)
The hobgoblin barely resists.
The hobgoblin hits you.
* * * LOW HITPOINT WARNING * * *
You hit the hobgoblin but do no damage. The dart slug launches a dart at you.
The slug dart hits you.
* * * LOW HITPOINT WARNING * * *
The hobgoblin closely misses you. Magic courses through your body.
The dart slug barely misses you. The hobgoblin hits you.
You die...

............###########
###........########
.......>##........#
##......###..####.#
#......# #...# #.#####
##......# #.#.# #.....
........###.#.###...#####
........Z...#..##†)......
......########..@w.......
......# ####g†......
......# ......... ......#
.....^.... ......#
#.......!.. ...####
#.......... ####
#.......... #.....####.


You could see a dart slug and a hobgoblin.

Vanquished Creatures
  A dart slug (D:1)
  3 endoplasms (D:1)
  A giant cockroach (D:1)
  2 goblins (D:1)
  2 hobgoblins (D:1)
  3 kobolds (D:1)
  A quokka (D:1)
  4 bats (D:1)
  A rat (D:1)
18 creatures vanquished.

Vanquished Creatures (collateral kills)
  A rat (D:1)
1 creature vanquished.

Grand Total: 19 creatures vanquished

Notes
Turn   | Place    | Note
-------+----------+-------------------------------------------
     0 | D:1      | thirtiethelement the Demonspawn Necromancer began the quest
                  | for the Orb.
     0 | D:1      | Reached XP level 1. HP: 13/13 MP: 3/3
   251 | D:1      | Gained mutation: You regenerate magic rapidly. [demonic
                  | ancestry]
   251 | D:1      | Reached XP level 2. HP: 7/19 MP: 0/5
   457 | D:1      | Reached skill level 5 in Necromancy
   464 | D:1      | Slain by a hobgoblin

Illustrated notes

Levels and vault maps discovered:
D:1:      lemuel_arrival_muddy, layout_basic

Skill      XL: |  1  2 |
---------------+-------+-----
Dodging        | 2 |  2.1
Stealth        | 2 |  2.1
Necromancy     | 5 |  5.0
Fighting       | |  0.1
Spellcasting   | |  2.0

Action                     || total
---------------------------++-------
  Melee: Dagger            ||    25
         Unarmed           ||    11
         Short sword       ||     7
   Cast: Necrotise         ||    21
    Use: Potion            ||     1
   Stab: Sleeping          ||     2
 Armour: Robe              ||    22
  Dodge: Dodged            ||    53

Table legend: (Time is in decaauts)
 A = Elapsed time spent in this place.
 B = Non-inter-level travel time spent in this place.
 C = Inter-level travel time spent in this place.
 D = Time resting spent in this place.
 E = Time spent auto-exploring this place.
 F = Levels seen in this place.
 G = Mean time per level.
                   A        B        C        D        E       F      G
               +--------+--------+--------+--------+--------+-----+--------+
         Total |    463 |    463 |      0 |     25 |    308 |   1 |  463.0 |
       Dungeon |    463 |    463 |      0 |     25 |    308 |   1 |  463.0 |
               +--------+--------+--------+--------+--------+-----+--------+

Top non-repeatable levels by time:
     D:1: 463 daAuts
